 Dungeon Crawl Stone Soup version 0.19-a0-1065-gdac414d (webtiles) character file.

51 zxpr0jk the Chiller (level 3, -2/26 HPs)
             Began as a Draconian Ice Elementalist on Aug 3, 2016.
             Killed from afar by a dart slug (8 damage)
             ... with a slug dart
             ... on level 3 of the Dungeon.
             The game lasted 00:06:19 (1684 turns).

zxpr0jk the Chiller (Draconian Ice Elementalist)    Turns: 1684, Time: 00:06:20

Health: -2/26      AC:  6    Str: 10    XL:     3   Next: 57%
Magic:  4/7        EV: 12    Int: 15    God:
Gold:   111        SH:  0    Dex: 12    Spells: 1 memorised, 6 levels left

rFire  . . .     SeeInvis .     e - +0 whip
rCold  . . .     Gourm    .     (armour unavailable)
rNeg   . . .     Faith    .     (no shield)
rPois  .         Spirit   .     (helmet restricted)
rElec  .         Dismiss  .     l - +0 cloak (curse)
rCorr  .         Reflect  .     (no gloves)
SustAt .         Harm     .     (no boots)
MR     .....                    (no amulet)
Stlth  ++........               (no ring)
                                (no ring)

@: very slightly contaminated
A: unfitting armour, cold-blooded, AC +5
a: no special abilities


You were on level 3 of the Dungeon.
You were not hungry.

You visited 1 branch of the dungeon, and saw 3 of its levels.

You collected 111 gold pieces.

Inventory:

Hand Weapons
 e - a +0 whip (weapon)
Missiles
 d - 95 stones (quivered)
 n - 18 poisoned needles
 r - 18 sling bullets
Armour
 l - a cursed +0 cloak (worn)
Jewellery
 j - a +5 ring of strength {unknown}
 t - an uncursed amulet of magic regeneration {unknown}
Scrolls
 f - a scroll of immolation {unknown}
 g - 5 scrolls of identify {unknown}
 h - a scroll of random uselessness {unknown}
 i - 2 scrolls of enchant weapon {unknown}
 m - 2 scrolls of remove curse {unknown}
 p - 2 scrolls of blinking {unknown}
 q - a scroll of amnesia {unknown}
Potions
 c - a potion of curing {unknown}
 k - a potion of lignification {unknown}
 o - a potion of might {unknown}
 s - a potion of brilliance {unknown}
 u - 2 potions of ambrosia {unknown}
Books
 a - a book of Frost

   Spells                             Type                      Level
   a - Freeze                         Ice                          1
   b - Throw Frost                    Conjuration/Ice              2
   c - Ozocubu's Armour               Charms/Ice                   3
   d - Throw Icicle                   Conjuration/Ice              4
   e - Summon Ice Beast               Ice/Summoning                4
Comestibles
 b - 3 bread rations


   Skills:
 - Level 1.7 Dodging
 - Level 1.7 Stealth
 + Level 2.8 Spellcasting
   Level 1.0 Conjurations
 * Level 4.0 Ice Magic


You had 6 spell levels left.
You knew the following spells:

 Your Spells              Type           Power        Failure   Level  Hunger
a - Freeze                Ice            ##..         4%          1    #......


Dungeon Overview and Level Annotations

Branches:
Dungeon (3/15)

Altars:
Vehumet
The Shining One


Innate Abilities, Weirdness & Mutations

Your plain brown scales are hard. (AC +5)
Your body does not fit into most forms of armour.
You are cold-blooded and may be slowed by cold attacks.


Message History

Press: ? - help, Shift-Dir - straight line, f/p - dart slug
Aim: a dart slug (heavily wounded)
You freeze the dart slug.
The dart slug is almost dead.
The dart slug launches a dart at you. The slug dart hits you!
Casting: Freeze
Confirm with . or Enter, or press ? or * to list all spells.
Aiming: Freeze
Press: ? - help, Shift-Dir - straight line, f/p - dart slug
Aim: a dart slug (almost dead)
You miscast Freeze.
You are very lightly contaminated with residual magic.
You hear a crackling sound.
The dart slug launches a dart at you. The slug dart hits you!
* * * LOW HITPOINT WARNING * * *
The dart slug launches a dart at you. The slug dart hits you!
You die...

.. ##.≈≈≈≈≈≈#.######
..##≈#≈≈≈≈≈≈w≈≈.....
.#≈≈≈≈≈≈w≈#≈#≈≈..#
#.#≈≈≈≈≈≈≈≈≈≈≈≈.# #. .
##≈≈≈≈≈≈≈≈≈≈≈≈≈≈w#...
...#≈≈≈≈#≈≈≈≈#≈≈≈≈≈≈≈...
...?≈≈#..#≈..<≈≈?≈≈≈≈.#
....w≈≈<....<.....≈#..#
...#≈≈≈.≈≈≈...w@..≈≈#
....≈≈≈≈$≈≈≈≈≈w≈≈≈≈##
###..≈≈≈≈≈≈≈≈≈≈≈≈≈≈≈#
#...≈#≈≈≈≈≈w≈≈≈≈w.#
#..#≈≈≈≈≈≈≈≈≈≈≈≈≈#+
#.###≈≈≈≈≈#≈≈≈≈≈... #.
##.≈≈≈≈≈≈≈...##
.##≈≈.≈≈##..#


You could see 7 dart slugs.

Vanquished Creatures
  An adder (D:2)
  An ooze (D:2)
  2 dart slugs (D:2)
  2 giant geckos
  3 bats
  2 giant cockroaches (D:1)
  2 goblins
  4 jackals (D:2)
  6 kobolds
  A ball python (D:1)
  2 giant newts
  5 rats
31 creatures vanquished.

Vanquished Creatures (others)
  A bat (D:2)
  A giant cockroach (D:2)
  A hobgoblin (D:2)
  2 jackals (D:2)
  A giant newt (D:2)
6 creatures vanquished.

Grand Total: 37 creatures vanquished

Notes
Turn   | Place    | Note
-------+----------+-------------------------------------------
     0 | D:1      | zxpr0jk the Draconian Ice Elementalist began the quest for the Orb.
     0 | D:1      | Reached XP level 1. HP: 14/14 MP: 3/3
   345 | D:1      | Reached XP level 2. HP: 20/20 MP: 1/5
   395 | D:1      | Found a glowing golden altar of the Shining One.
  1204 | D:2      | Reached XP level 3. HP: 23/26 MP: 2/7
  1208 | D:2      | Found a radiant altar of Vehumet.
  1517 | D:2      | Reached skill level 4 in Ice Magic
  1684 | D:3      | Killed from afar by a dart slug

Vault maps used:
D:1:      kennysheep_arrival_seaside, tso_metal_star
D:2:      fiery_altar_vehumet, first_bread
D:3:      kennysheep_slugbush, portal_sewer_entry_d

Skill      XL: |  1  2  3 |
---------------+----------+-----
Ice Magic      | 4 |  4.0
Dodging        | |  1.7
Stealth        | |  1.7
Spellcasting   | |  2.8
Conjurations   | |  1.0

Action                   || total
-------------------------++-------
Melee: Whip              ||    24
       Dagger            ||     1
       Tailslap          ||     1
Throw: Stone             ||    84
 Cast: Freeze            ||    33
 Stab: Sleeping          ||     1
  Eat: Beef jerky        ||     1
       Chunk             ||     1
Armor: Skin              ||    24
Dodge: Dodged            ||    50
